 Dungeon Crawl Stone Soup version 0.19.1 (webtiles) character file.

573 empire the Stinger (level 7, -2/55 HPs)
             Began as a Naga Venom Mage on Dec 13, 2016.
             Was an Initiate of Sif Muna.
             Slain by a slave (4 damage)
             ... led by Pikel
             ... on level 4 of the Dungeon.
             The game lasted 00:15:52 (4391 turns).

empire the Stinger (Naga Venom Mage)                Turns: 4391, Time: 00:15:53

Health: -2/55      AC:  7    Str: 10    XL:     7   Next: 34%
Magic:  5/12       EV: 10    Int: 18    God:    Sif Muna [......]
Gold:   172        SH:  0    Dex: 11    Spells: 4 memorised, 0 levels left

rFire  . . .     SeeInvis +     a - +1 dagger (protect)
rCold  . . .     Gourm    .     j - +0 robe
rNeg   . . .     Faith    .     (no shield)
rPois  +         Spirit   .     y - +1 helmet
rElec  .         Reflect  .     m - +0 cloak
rCorr  .         Harm     .     F - +0 pair of gloves
MR     .....                    (no barding)
Stlth  +++.......               (no amulet)
                                (no ring)
                                (no ring)

@: very slow
A: see invisible, deformed body, poison resistance, slowness 2, slow metabolism
1, spit poison 1, AC +2
a: Spit Poison, Renounce Religion


You were on level 4 of the Dungeon.
You worshipped Sif Muna.
Sif Muna was noncommittal.
You were not hungry.

You visited 2 branches of the dungeon, and saw 6 of its levels.

You collected 172 gold pieces.

Inventory:

Hand Weapons
 a - a +1 dagger of protection (weapon)
 b - a +0 short sword
 e - a +0 dagger
Missiles
 i - 6 curare-tipped needles
 p - 23 poisoned needles
 r - 69 arrows
 v - 19 bolts
 A - 6 javelins (quivered)
Armour
 j - a +0 robe (worn)
 m - a +0 cloak (worn)
 y - a +1 helmet (worn)
 F - a +0 pair of gloves (worn)
 G - a +0 leather armour
Scrolls
 n - 5 scrolls of remove curse
 C - a scroll of random uselessness
 D - a scroll of magic mapping
Potions
 g - a potion of resistance {unknown}
 l - a potion of curing
 o - a potion of invisibility {unknown}
 q - a potion of beneficial mutation {unknown}
 t - 2 potions of lignification {unknown}
 x - 2 potions of brilliance
 z - 2 potions of agility {unknown}
 E - a potion of flight {unknown}
Books
 k - a Young Poisoner's Handbook

   Spells                             Type                      Level
   a - Sting                          Conjuration/Poison           1
   b - Mephitic Cloud                 Conjuration/Poison/Air       3
   c - Olgreb's Toxic Radiance        Poison                       4
   d - Alistair's Intoxication        Transmutation/Poison         5
   e - Venom Bolt                     Conjuration/Poison           5
Comestibles
 c - 2 bread rations
 h - a beef jerky
 s - a meat ration
 u - 3 slices of pizza
 w - a royal jelly
 H - a chunk of flesh


   Skills:
 + Level 0.0 Fighting
 + Level 0.2 Short Blades
 - Level 1.5 Dodging
 + Level 5.8 Stealth
 + Level 3.8 Spellcasting
 + Level 3.1 Conjurations
 - Level 2.6 Air Magic
 - Level 7.1 Poison Magic
 + Level 0.2 Invocations


You couldn't memorise any spells.
You knew the following spells:

 Your Spells              Type           Power        Failure   Level  Hunger
a - Sting                 Conj/Pois      ###.         1%          1    None
b - Mephitic Cloud        Conj/Pois/Air  ###.....     10%         3    ###....
c - Olgreb's Toxic Radia  Pois           ####....     10%         4    ####...
d - Venom Bolt            Conj/Pois      ###.......   54%         5    ######.


Dungeon Overview and Level Annotations

Branches:
Dungeon (5/15)             Temple (1/1) D:5

Altars:
Dithmenos
Elyvilon
Fedhas
Gozag
Hepliaklqana
Kikubaaqudgha
Makhleb
Okawaru
Qazlal
Ru
Sif Muna
Trog
Vehumet
Xom
Yredelemnul
Zin
The Shining One


Innate Abilities, Weirdness & Mutations

You cannot wear boots.
Your serpentine skin is tough. (AC +2)
You have supernaturally acute eyesight. (SInv)
Armour fits poorly on your strangely shaped body.
Your system is resistant to poisons. (rPois)
You cover ground very slowly.
You have a slow metabolism.
You can spit poison.


Message History

Aim: a slave, wearing an animal skin (severely wounded)
The sting misses the slave.
The slave hits you.
* * * LOW HITPOINT WARNING * * *
The slave hits you.
* * * LOW HITPOINT WARNING * * *
A worm comes into view.
Casting: Sting
Confirm with . or Enter, or press ? or * to list all spells.
Aiming: Sting
Press: ? - help, Shift-Dir - straight line, f/p - slave
Aim: a slave, wearing an animal skin (severely wounded)
The sting misses the slave.
The slave hits you.
* * * LOW HITPOINT WARNING * * *
The slave hits you.
* * * LOW HITPOINT WARNING * * *
As you read the scroll labeled IKKAUCWE LEMU, it crumbles to dust.
It is a scroll of enchant weapon.
Your +0 dagger of protection glows red for a moment.
The slave hits you.
You die...

.....#.......###...#####.........
.....#.......###.o.# #......##
......#+##.....'.).# #......#
####....##.#####...# #......#
#.........# #...# #........o
#.....#.#.###'### .....#####o
#...>.#+#.......###......
#.........##hp..........#.
..........''p@.......##.#
.........†##......... ⌠.#
.............#......w
...........#####..###
...........# ..# ......###.## #.+
...... #.# .# ###### #.# #.#


You could see 2 slaves, a worm, a hound and an orc wizard (wandering).

Vanquished Creatures
  A slave (D:4)
  2 ogres
  A centaur (D:5)
  A scorpion (D:3)
  2 hounds (D:5)
  2 worker ants
  A howler monkey zombie (D:5)
  7 adders
  An ooze (D:2)
  A worm (D:2)
  2 dart slugs
  2 leopard geckos
  11 orcs
  9 bats
  6 giant cockroaches
  8 goblins
  6 hobgoblins
  6 jackals
  A quokka (D:3)
  7 frilled lizards
  4 kobolds
  A leopard gecko zombie (D:3)
  6 rats
88 creatures vanquished.

Vanquished Creatures (others)
  An adder (D:3)
  An orc (D:3)
2 creatures vanquished.

Grand Total: 90 creatures vanquished

Notes
Turn   | Place    | Note
-------+----------+-------------------------------------------
     0 | D:1      | empire the Naga Venom Mage began the quest for the Orb.
     0 | D:1      | Reached XP level 1. HP: 15/15 MP: 3/3
   268 | D:1      | Reached XP level 2. HP: 22/22 MP: 0/5
  1431 | D:2      | Reached XP level 3. HP: 28/28 MP: 6/6
  1827 | D:2      | Reached skill level 1 in Conjurations
  1827 | D:2      | Reached skill level 6 in Poison Magic
  1836 | D:2      | Learned a level 3 spell: Mephitic Cloud
  1873 | D:2      | Reached XP level 4. HP: 36/36 MP: 6/8
  1882 | D:2      | Learned a level 4 spell: Olgreb's Toxic Radiance
  2169 | D:3      | Reached skill level 1 in Air Magic
  2297 | D:3      | Reached XP level 5. HP: 42/42 MP: 7/9
  2535 | D:3      | You fall through a shaft for 2 floors!
  2535 | D:5      | Entered Level 5 of the Dungeon
  2873 | D:5      | Reached XP level 6. HP: 47/49 MP: 7/10
  3047 | D:5      | Found a staircase to the Ecumenical Temple.
  3065 | D:5      | Reached skill level 5 in Stealth
  3075 | Temple   | Entered the Ecumenical Temple
  3195 | Temple   | Became a worshipper of Sif Muna the Loreminder
  3376 | D:4      | Found a basalt altar of Yredelemnul.
  3376 | D:4      | Found a sacrificial altar of Ru.
  3376 | D:4      | Found a glowing golden altar of the Shining One.
  3376 | D:4      | Found a stormy altar of Qazlal.
  3376 | D:4      | Found a bloodstained altar of Trog.
  3378 | D:4      | Found a glowing silver altar of Zin.
  3379 | D:4      | Found a shadowy altar of Dithmenos.
  3382 | D:4      | Noticed a phantom
  3423 | D:3      | Found a radiant altar of Vehumet.
  3594 | D:3      | Reached XP level 7. HP: 54/55 MP: 3/12
  3608 | D:3      | Reached skill level 7 in Poison Magic
  3775 | D:3      | Found a sacrificial altar of Ru.
  4141 | D:4      | Learned a level 5 spell: Venom Bolt
  4390 | D:4      | HP: 2/55 [slave[Pikel] (3)]
  4391 | D:4      | Slain by a slave

Skill      XL: |  1  2  3  4  5  6  7 |
---------------+----------------------+-----
Conjurations   | 1 2 3 |  3.1
Poison Magic   | 6 7 |  7.1
Air Magic      | 1 2 |  2.6
Stealth        | 4 5 |  5.8
Spellcasting   | 3 |  3.8
Short Blades   | |  0.2
Dodging        | |  1.5
Invocations    | |  0.2

Action                   |  1- 3 |  4- 6 |  7- 9 || total
-------------------------+-------+-------+-------++-------
Melee: Short sword       |    12 |       |       ||    12
       Unarmed           |     5 |       |       ||     5
       Dagger            |   108 |   117 |    11 ||   236
 Cast: Sting             |    37 |    56 |    30 ||   123
       Mephitic Cloud    |       |     3 |     2 ||     5
       Olgreb's Toxic Ra |       |       |     1 ||     1
  Use: Scroll            |     1 |     8 |     3 ||    12
       Potion            |       |     2 |     3 ||     5
 Stab: Sleeping          |     1 |     4 |     1 ||     6
  Eat: Chunk             |     3 |     5 |     2 ||    10
Armor: Robe              |    69 |    78 |    13 ||   160
Dodge: Dodged            |    94 |    91 |    25 ||   210
